 Dungeon Crawl Stone Soup version 0.29-a0-620-g13ace881f2 (webtiles) character file.

Game seed: 1461188968982458674

193546 PentaManta the Fetichist (level 18, -3/84 HPs)
             Began as a Spriggan Hunter on June 18, 2022.
             Was the Champion of Nemelex Xobeh.
             Shot with an arrow by a deep elf master archer (29 damage)
             ... on level 3 of the Elven Halls.
             The game lasted 01:57:09 (44460 turns).

PentaManta the Fetichist (Spriggan Hunter)         Turns: 44460, Time: 01:57:10

Health: -3/84      AC:  7    Str:  7    XL:     18   Next: 7%
Magic:  21/21      EV: 37    Int: 12    God:    Nemelex Xobeh [******]
Gold:   3388       SH:  5    Dex: 25    Spells: 12/17 levels left

rFire   . . .      SeeInvis +   I - +3 shortbow (vorpal)
rCold   + . .      Faith    .   (shield currently unavailable)
rNeg    . . .      Spirit   .   o - +2 robe {Will+}
rPois   +          Reflect  +   f - +0 hat of Fashionability {+Blink rElec MP-9 Slay+6}
rElec   +          Harm     .   q - +1 cloak
rCorr   .          Rampage  .   (gloves unavailable)
Will    +++++                   (boots unavailable)
Stlth   ++++++....              b - amulet of reflection
HPRegen 0.24/turn               t - ring of Ocor {rPois rC+ Will+}
MPRegen 0.17/turn               g - +4 ring of slaying

@: studying Axes, very quick
A: very small, no large weapons, unfitting armour, see invisible, speed 3
a: Renounce Religion, Evoke Blink, Draw Escape, Draw Destruction, Draw
Summoning, Draw Stack, Triple Draw, Deal Four, Stack Five


You were on level 3 of the Elven Halls.
You worshipped Nemelex Xobeh.
Nemelex Xobeh was exalted by your worship.
You visited 8 branches of the dungeon, and saw 30 of its levels.
You also visited: Ossuary, Gauntlet and Ice Cave.

You collected 3699 gold pieces.
You spent 311 gold pieces at shops.

Inventory:

Hand Weapons
 y - the +8 trishula "Condemnation" {holy, anguish, *Noise Fly rN+}
   (You took it off a deep elf sorcerer on level 3 of the Elven Halls)

   It has been blessed by the Shining One to cause great damage to the undead
   and demons.
   It inflicts anguish, making its victims' attacks reflect back on them.
   rN:        It protects you from negative energy.
   Fly:       It grants you flight.
   *Noise:    It may make noises in combat.
 H - a +3 shortbow of chaos
 I - a +3 vorpal shortbow (weapon)
Missiles
 J - 7 curare-tipped darts
 K - 5 atropa-tipped darts
 P - 5 throwing nets
Armour
 f - the +0 hat of Fashionability (worn) {+Blink rElec MP-9 Slay+6}
   (You found it in a Gauntlet)

   Slay:      It affects your accuracy & damage with ranged weapons and melee
   (+6).
   rElec:     It insulates you from electricity.
   MP:        It affects your magic capacity (-9).
   +Blink:    It lets you blink.
 o - a +2 robe of willpower (worn)
 q - a +1 cloak (worn)
 G - a +2 hat of willpower
 L - a scarf of resistance
 T - +0 ice dragon scales
 W - the +0 shadow dragon scales of Xump {rPois MP+9 Int-4 Slay+5 Stlth++++}
   (You took it off a minotaur in a Gauntlet)

   Int:       It affects your intelligence (-4).
   Slay:      It affects your accuracy & damage with ranged weapons and melee
   (+5).
   rPois:     It protects you from poison.
   MP:        It affects your magic capacity (+9).
   Stlth:     It makes you much more stealthy.
 X - a +0 troll leather armour
Jewellery
 b - an amulet of reflection (around neck)
 g - a +4 ring of slaying (right hand)
 j - a ring of protection from fire
 r - a ring of protection from fire
 t - the ring of Ocor (left hand) {rPois rC+ Will+}
   (You acquired it on level 15 of the Dungeon)

   [ring of willpower]

   rC:        It protects you from cold.
   rPois:     It protects you from poison.
   Will:      It increases your willpower.
 u - a ring of resist corrosion
 v - an amulet of regeneration
 M - a ring of positive energy
 Z - a ring of flight
Wands
 p - a wand of flame (88)
 A - a wand of charming (21)
 B - a wand of acid (28)
 D - a wand of polymorph (14)
 E - a wand of digging (12)
 Q - a wand of iceblast (21)
Scrolls
 a - 3 scrolls of summoning
 c - 8 scrolls of immolation
 d - 5 scrolls of enchant armour
 i - 4 scrolls of blinking
 l - 8 scrolls of teleportation
 x - 3 scrolls of fog
 U - 4 scrolls of magic mapping
 Y - 4 scrolls of fear
Potions
 e - 9 potions of lignification
 h - 4 potions of might
 k - 2 potions of heal wounds
 n - 5 potions of haste
 s - 14 potions of curing
 w - 4 potions of mutation
 z - 3 potions of magic
 C - 6 potions of invisibility
 F - a potion of berserk rage
 O - a potion of cancellation
 R - 3 potions of brilliance
 S - 3 potions of resistance
Miscellaneous
 m - a box of beasts
 N - a phantom mirror
 V - a condenser vane


   Skills:
 - Level 5.2 Fighting
 - Level 18.0 Bows
 - Level 6.0 Throwing
 + Level 9.1 Armour
 - Level 18.0 Dodging
 - Level 14.0 Stealth
 - Level 15.0 Invocations
 - Level 19.0 Evocations


You had 12 spell levels left.
You knew the following spells:

 Your Spells              Type           Power      Damage    Failure   Level
b - Ensorcelled Hibernat  Hex/Ice        0%         N/A       45%         2
c - Tukima's Dance        Hex            0%         N/A       69%         3

Your spell library contained the following spells:

 Spells                   Type           Power      Damage    Failure   Level
 Apportation              Tloc           0%         N/A       32%         1
 Beastly Appendage        Tmut           0%         N/A       32%         1
 Magic Dart               Conj           0%         1d3       32%         1
 Necrotize                Necr           0%         1d4       32%         1
 Summon Small Mammal      Summ           0%         N/A       32%         1
 Call Imp                 Summ           0%         N/A       45%         2
 Poisonous Vapours        Pois/Air       0%         N/A       45%         2
 Static Discharge         Conj/Air       0%         N/A       45%         2
 Sublimation of Blood     Necr           0%         N/A       45%         2
 Wereblood                Tmut           0%         N/A       45%         2
 Call Canine Familiar     Summ           0%         N/A       69%         3
 Mephitic Cloud           Conj/Pois/Air  0%         N/A       69%         3
 Spider Form              Tmut/Pois      0%         N/A       69%         3
 Summon Guardian Golem    Hex/Summ       0%         N/A       69%         3
 Vampiric Draining        Necr           0%         2d6       69%         3
 Anguish                  Hex/Necr       0%         N/A       97%         4
 Animate Dead             Necr           0%         N/A       97%         4
 Corpse Rot               Necr/Pois/Air  0%         N/A       97%         4
 Dispel Undead            Necr           0%         3d6       97%         4
 Hailstorm                Conj/Ice       0%         3d3       97%         4
 Ice Form                 Ice/Tmut       0%         N/A       97%         4
 Leda's Liquefaction      Hex/Erth       0%         N/A       97%         4
 Passage of Golubria      Tloc           0%         N/A       97%         4
 Summon Lightning Spire   Summ/Air       0%         N/A       97%         4
 Agony                    Necr           0%         N/A       100%        5
 Alistair's Intoxication  Tmut/Pois      0%         N/A       100%        5
 Blade Hands              Tmut           0%         N/A       100%        5
 Borgnjor's Vile Clutch   Necr/Erth      0%         N/A       100%        5
 Irradiate                Conj/Tmut      0%         3d13      100%        5
 Lee's Rapid Deconstruct  Erth           0%         3d5*      100%        5
 Yara's Violent Unravell  Hex/Tmut       0%         3d3       100%        5
 Conjure Ball Lightning   Conj/Air       0%         3x3d6     100%        6
 Death Channel            Necr           0%         N/A       100%        6
 Dispersal                Tloc           0%         N/A       100%        6
 Eringya's Noxious Bog    Tmut/Pois      0%         N/A       100%        6
 Simulacrum               Ice/Necr       0%         N/A       100%        6
 Statue Form              Tmut/Erth      0%         N/A       100%        6
 Dragon Form              Tmut           0%         N/A       100%        7
 Storm Form               Tmut/Air       0%         N/A       100%        7
 Summon Hydra             Summ           0%         N/A       100%        7
 Maxwell's Capacitive Co  Air            0%         ∞         100%        8
 Chain Lightning          Conj/Air       0%         N/A       100%        9
 Fire Storm               Conj/Fire      0%         5d1       100%        9
 Shatter                  Erth           0%         3d5*      100%        9


Dungeon Overview and Level Annotations

Branches:
Dungeon (15/15)            Temple (1/1) D:5            Lair (6/6) D:8
  Swamp (1/4) Lair:3       Spider (1/4) Lair:3        Slime (0/5) Lair:5
    Orc (2/2) D:11            Elf (3/3) Orc:2        Vaults (0/5) D:13
 Depths (1/4) D:15        Ossuary (visited)           IceCv (visited)
Gauntlet (visited)

Altars:
Ashenzari
Cheibriados
Dithmenos
Elyvilon
Fedhas
Gozag
Hepliaklqana
Kikubaaqudgha
Makhleb
Nemelex Xobeh
Okawaru
Qazlal
Ru
Sif Muna
Trog
Uskayaw
Vehumet
Wu Jian
Xom
Yredelemnul
Zin
The Shining One

Shops:
D:12 *   Orc:2 [[*=

Portals:
Hell: Lair:6
Bazaar: D:12
Trove: D:14 (give +4 fire dragon scales)

Annotations:
D:15 exclusion: downstairs
Elf:2 3 runed translucent doors
Depths:1 Saint Roka


Innate Abilities, Weirdness & Mutations

You are very small and have problems with some larger weapons.
You are too small for most types of armour.
You have supernaturally acute eyesight. (SInv)
You cover ground extremely quickly. (Speed+++)


Message History

The arrow barely misses the deep elf master archer.
The deep elf master archer shoots an arrow.
The arrow completely misses you.
You shoot an arrow.
The arrow hits the deep elf master archer!
The deep elf master archer is moderately wounded.
You shoot an arrow.
The arrow hits the deep elf master archer!
The deep elf master archer is heavily wounded.
The deep elf master archer shoots an arrow.
The arrow hits you!
You shoot an arrow.
The arrow misses the deep elf master archer.
The deep elf master archer shoots an arrow.
The arrow hits you!!
You shoot an arrow.
The arrow misses the deep elf master archer.
A deep elf sorcerer comes into view. It is wielding a +2 vorpal long sword.
The deep elf master archer shoots an arrow.
The arrow barely misses you.
You shoot an arrow.
The arrow hits the deep elf master archer!
The deep elf master archer is severely wounded.
The deep elf master archer shoots an arrow.
The arrow hits you!!
The deep elf sorcerer drinks a potion.
The deep elf sorcerer suddenly seems more resistant.
The deep elf master archer shoots an arrow.
The arrow completely misses you.
You are too injured to fight recklessly!
The deep elf master archer shoots an arrow.
The arrow hits you!!
* * * LOW HITPOINT WARNING * * *
You hear a shout!
Unknown command.
You feel much better.
You hear a shout! x2
The deep elf master archer shoots an arrow.
The arrow hits you!!
You die...
Your body glows with a rainbow of weird colours and disappears.

#. ## # . # #######
#..
..####.....####.ee.
........)...........
.......#...#.......#
###........@....####
####.......####
####!#### #).#
##).##########
#.)....).....#
###.)...[....#
#....).....#
##.)..))...########


You could see a deep elf master archer and a deep elf sorcerer (resistant).

Vanquished Creatures
  A deep elf master archer (Elf:3)
  Gastronok (Lair:3)
  The ghost of Qer Mues the Fighter, a journeyman DrTm of Gozag (Lair:3)
  8 deep elf sorcerers
  A deep elf elementalist (Elf:1)
  A broodmother (Lair:3)
  3 deep elf demonologists (Elf:3)
  A bunyip (Swamp:1)
  5 deep elf annihilators
  An eleionoma (Elf:3)
  A minotaur (Gauntlet)
  3 deep elf death magi
  Josephine (D:14)
  An ettin (D:15)
  3 deep elf high priests (Elf:3)
  Harold (Lair:1)
  6 boulder beetles
  2 rakshasas
  4 centaur warriors
  22 hydras
  A vault guard (D:13)
  4 ogre magi (Orc:2)
  2 tengu warriors
  3 death knights
  17 two-headed ogres
  An alligator snapping turtle (Elf:3)
  14 dancing weapons
  7 death yaks
  An orc high priest (D:11)
  A sun demon (Lair:6)
  Sonja (Lair:1)
  11 deep elf knights
  A skeletal warrior (D:14)
  A glowing orange brain (shapeshifter) (Gauntlet)
  A swamp dragon (shapeshifter) (D:14)
  A glowing orange brain (D:15)
  3 wizards
  12 deep elf archers
  22 deep elf zephyrmancers
  3 bog bodies
  21 deep elf pyromancers
  A harpy (shapeshifter) (D:13)
  18 ugly things
  3 orc knights
  3 orc sorcerers
  A wolf spider zombie (D:15)
  A necromancer (D:15)
  3 wolf spiders (Spider:1)
  3 cyclopes
  A faun (shapeshifter) (D:14)
  5 manticores
  8 slime creatures
  A moth of wrath (shapeshifter) (Gauntlet)
  5 black mambas
  5 elephants
  2 ice statues
  A smoke demon (Lair:6)
  14 cane toads
  A water nymph (D:10)
  A gargoyle (D:12)
  2 naga magi (D:15)
  3 orange demons (Lair:6)
  Maggie (D:7)
  2 komodo dragons (shapeshifter)
  3 unseen horrors
  12 komodo dragons
  Psyche (D:10)
  2 kobold demonologists
  An efreet (D:14)
  8 rime drakes
  A centaur skeleton (D:15)
  4 ice devils
  4 freezing wraiths
  3 entropy weaver simulacra
  2 yaktaurs
  A tengu conjurer (D:14)
  A red devil (Lair:6)
  2 tyrant leeches
  6 trolls
  2 hornets
  4 polar bears
  13 blink frogs
  A polar bear (shapeshifter) (Gauntlet)
  A wind drake (shapeshifter) (Elf:1)
  A tarantella (Spider:1)
  20 dream sheep (Lair:6)
  4 jumping spiders
  2 centaur simulacra (Gauntlet)
  An air elemental (Elf:1)
  Sigmund (D:6)
  A spriggan (Swamp:1)
  2 shadows (D:11)
  2 culicivoras
  2 water elementals (Elf:1)
  Eustachio (D:6)
  3 wyverns
  A yak (shapeshifter) (D:14)
  7 basilisks
  4 fire elementals
  4 vampires
  54 yaks
  7 wraiths
  A human (shapeshifter) (D:13)
  3 redbacks
  A steam dragon (D:8)
  4 wargs
  4 death yak simulacra (IceCv)
  12 vampire mosquitoes
  2 swamp worms (Swamp:1)
  2 two-headed ogre zombies (D:11)
  3 hell hounds (Lair:6)
  An acid dragon (D:11)
  An acid dragon (shapeshifter) (D:14)
  27 water moccasins
  A meliai simulacrum (D:15)
  3 black bears
  4 ice beasts
  15 orc warriors
  21 ogres
  24 wolves
  A boggart (D:14)
  4 centaurs
  A phantom (D:11)
  3 kobold brigands
  An elf zombie (Ossuary)
  10 bullfrogs
  An earth elemental (Elf:3)
  10 scorpions
  A necrophage (D:7)
  7 two-headed ogre simulacra
  A hornet simulacrum (Gauntlet)
  3 wights (D:8)
  A troll zombie (D:11)
  Dowan (D:7)
  21 killer bees
  An elephant simulacrum (IceCv)
  3 electric eels (Lair:1)
  2 howler monkeys (D:9)
  2 centaur zombies
  2 hounds
  2 human zombies (Ossuary)
  8 orc priests
  3 jellies
  Crazy Yiuf (D:7)
  3 gnoll shamans
  Ijyb (D:3)
  Terence (D:3)
  5 iguanas
  5 troll simulacra (IceCv)
  6 hell rats (Lair:2)
  24 orc wizards
  3 spriggan simulacra (IceCv)
  4 polar bear simulacra
  5 wolf simulacra
  5 ogre zombies (D:11)
  2 mummies (Ossuary)
  6 adders
  6 gnolls
  8 naga simulacra
  4 shadow imps
  7 white imps
  10 ufetubi
  A worm (shapeshifter) (Gauntlet)
  3 worms
  2 dart slugs
  47 orcs
  6 endoplasms
  3 giant cockroaches
  A gnoll zombie (Ossuary)
  4 goblins
  4 hobgoblins
  8 jackals
  5 quokkas
  11 ball pythons
  5 bats
  2 frilled lizards
  A goblin skeleton (D:11)
  2 goblin zombies (Ossuary)
  A hobgoblin skeleton (D:11)
  9 hobgoblin zombies
  31 kobolds
  An orc skeleton (D:11)
  20 orc zombies
  5 rats
965 creatures vanquished.

Vanquished Creatures (collateral kills)
  A deep elf archer (Elf:1)
  2 ugly things (D:14)
  2 ogres (Orc:2)
5 creatures vanquished.

Vanquished Creatures (others)
  A green death (Gauntlet)
  An ugly thing (D:14)
  A two-headed ogre zombie (Orc:2)
  A gnoll (Orc:2)
  33 fungi
  51 plants
88 creatures vanquished.

Grand Total: 1058 creatures vanquished

Notes
Turn   | Place    | Note
-------+----------+-------------------------------------------
     0 | D:1      | PentaManta the Spriggan Hunter began the quest for the Orb.
     0 | D:1      | Reached XP level 1. HP: 10/10 MP: 2/2
    25 | D:1      | Reached skill level 5 in Bows
   494 | D:1      | Found a faded altar of an unknown god.
   500 | D:1      | Reached XP level 2. HP: 14/14 MP: 3/3
   503 | D:1      | Got Plato's Almanac of the Traveller
  1214 | D:2      | Reached XP level 3. HP: 18/18 MP: 4/4
  1835 | D:3      | Noticed Ijyb
  1843 | D:3      | Killed Ijyb
  1844 | D:3      | Reached XP level 4. HP: 22/22 MP: 5/5
  2170 | D:3      | Noticed Terence
  2205 | D:3      | Killed Terence
  2206 | D:3      | Reached XP level 5. HP: 25/25 MP: 6/6
  2277 | D:3      | Identified the +1 ring mail of Raq San {rC- Regen+ Str+6}
  3040 | D:5      | Entered Level 5 of the Dungeon
  3167 | D:5      | Reached XP level 6. HP: 30/30 MP: 7/7
  3436 | D:5      | Found a staircase to the Ecumenical Temple.
  3674 | D:5      | Reached skill level 5 in Stealth
  3694 | D:5      | Reached XP level 7. HP: 32/33 MP: 8/8
  3971 | D:5      | Reached skill level 10 in Bows
  4467 | D:5      | Reached XP level 8. HP: 37/37 MP: 9/9
  4958 | Temple   | Entered the Ecumenical Temple
  5146 | Temple   | Became a worshipper of Nemelex Xobeh the Trickster
  5180 | D:6      | Noticed Eustachio
  5200 | D:6      | Killed Eustachio
  5201 | D:6      | Reached skill level 5 in Dodging
  5261 | D:6      | Noticed Sigmund
  5265 | D:6      | Killed Sigmund
  6068 | D:6      | Identified a scroll of acquirement
  6068 | D:6      | Acquired a +4 ring of slaying
  6086 | D:6      | Found a bloodstained altar of Trog.
  6515 | D:6      | Reached XP level 9. HP: 41/41 MP: 10/10
  6616 | D:6      | Found a hazy altar of Hepliaklqana.
  6698 | D:7      | Noticed Maggie
  6713 | D:7      | Killed Maggie
  6714 | D:7      | Reached skill level 10 in Dodging
  7146 | D:7      | Noticed Dowan
  7157 | D:7      | Killed Dowan
  7161 | D:7      | Noticed Duvessa
  7162 | D:7      | Noticed Duvessa
  7162 | D:7      | Duvessa changed into Duvessa the ball python
  7163 | D:7      | Killed Duvessa the ball python
  7232 | D:7      | Reached * piety under Nemelex Xobeh
  7232 | D:7      | Found a runed translucent door.
  7233 | D:7      | Noticed Crazy Yiuf
  7314 | D:7      | Killed Crazy Yiuf
  7417 | D:8      | Found a sand-covered staircase.
  7422 | Ossuary  | Entered an ossuary
  7765 | D:8      | Received a gift from Nemelex Xobeh
  8233 | D:9      | Reached XP level 10. HP: 39/46 MP: 11/11
  8255 | D:9      | Found a glowing silver altar of Zin.
  8289 | D:9      | Found an opulent altar of Gozag.
  8310 | D:9      | Noticed a two-headed ogre
  8320 | D:9      | Killed a two-headed ogre
  8588 | D:8      | Found a staircase to the Lair.
  9791 | D:9      | Reached ** piety under Nemelex Xobeh
  9958 | D:10     | Entered Level 10 of the Dungeon
 10085 | D:10     | Noticed Psyche
 10100 | D:10     | Killed Psyche
 10226 | D:10     | Reached XP level 11. HP: 39/49 MP: 12/12
 10293 | D:10     | Noticed Urug
 10297 | D:10     | Noticed Urug
 10297 | D:10     | Urug changed into Urug the water nymph
 10314 | D:10     | Killed Urug the water nymph
 10914 | D:10     | Reached skill level 10 in Stealth
 11176 | D:10     | Found a glowing golden altar of the Shining One.
 11176 | D:10     | Found a shimmering blue altar of Sif Muna.
 11177 | D:10     | Found an iron altar of Okawaru.
 11178 | D:10     | Found a sacrificial altar of Ru.
 11206 | D:10     | Acquired a +3 vorpal shortbow
 11633 | Lair:1   | Entered Level 1 of the Lair of Beasts
 11633 | Lair:1   | Noticed a seven-headed hydra
 11648 | Lair:1   | Killed a seven-headed hydra
 11690 | Lair:1   | Reached skill level 15 in Bows
 11690 | Lair:1   | Reached skill level 15 in Dodging
 11782 | Lair:1   | Noticed Harold
 11908 | Lair:1   | Noticed a four-headed hydra
 11915 | Lair:1   | Killed a four-headed hydra
 11956 | Lair:1   | Noticed a death yak
 11956 | Lair:1   | Noticed a four-headed hydra
 11995 | Lair:1   | Killed a four-headed hydra
 12089 | Lair:1   | Noticed a five-headed hydra
 12099 | Lair:1   | Killed a five-headed hydra
 12150 | Lair:1   | Noticed Sonja
 12161 | Lair:1   | Killed Sonja
 12309 | Lair:1   | Killed Harold
 12310 | Lair:1   | Reached XP level 12. HP: 44/53 MP: 13/13
 12395 | Lair:1   | Reached *** piety under Nemelex Xobeh
 12630 | Lair:1   | Received a gift from Nemelex Xobeh
 12803 | Lair:1   | Killed a death yak
 13108 | Lair:1   | Reached skill level 5 in Throwing
 13108 | Lair:1   | Reached XP level 13. HP: 52/57 MP: 14/14
 13662 | Lair:2   | Identified the +3 great mace of the Twenty Tusks {vorpal,
                  | Int+4}
 13731 | Lair:2   | Received a gift from Nemelex Xobeh
 13764 | Lair:2   | Reached **** piety under Nemelex Xobeh
 14566 | Lair:3   | Noticed Gastronok
 14583 | Lair:3   | Killed Gastronok
 14650 | Lair:3   | Found a frozen archway.
 14745 | IceCv    | Entered an ice cave
 15896 | IceCv    | Reached skill level 1 in Evocations
 15980 | IceCv    | Got the Papyrus of Bloodstone
 16003 | IceCv    | Reached skill level 1 in Invocations
 16124 | IceCv    | Reached skill level 2 in Evocations
 16949 | IceCv    | Reached skill level 3 in Evocations
 17120 | IceCv    | Reached skill level 4 in Evocations
 17432 | IceCv    | Received a gift from Nemelex Xobeh
 17492 | IceCv    | Got Udaskock's Volume of the Rocks
 17863 | Lair:3   | Found a hole to the Spider Nest.
 18012 | Lair:3   | Reached skill level 5 in Evocations
 18012 | Lair:3   | Reached XP level 14. HP: 48/63 MP: 17/17
 18147 | Lair:3   | Found a runed translucent gate.
 18153 | Lair:3   | Found a runed translucent gate.
 18154 | Lair:3   | Found a runed translucent gate.
 18156 | Lair:3   | Noticed Qer Mues's ghost (journeyman DrTm)
 18226 | Lair:3   | Reached skill level 6 in Evocations
 18397 | Lair:3   | Found a staircase to the Swamp.
 18740 | Lair:3   | Reached skill level 5 in Invocations
 18907 | Lair:3   | Killed Qer Mues's ghost
 18971 | Lair:3   | Identified the +9 war axe of a wizard's laboratory {vorpal,
                  | Str+4}
 19008 | Lair:4   | Reached skill level 7 in Evocations
 19076 | Lair:4   | Received a gift from Nemelex Xobeh
 19228 | Lair:4   | Received a gift from Nemelex Xobeh
 19242 | Lair:4   | Identified the +10 hand axe of Screaming Evisceration
                  | {drain, rElec rF++ Dex+4}
 19288 | Lair:4   | Reached ***** piety under Nemelex Xobeh
 19386 | Lair:4   | Received a gift from Nemelex Xobeh
 19906 | Lair:5   | Received a gift from Nemelex Xobeh
 20123 | Lair:5   | Reached skill level 8 in Evocations
 20592 | Lair:5   | Found a staircase to the Slime Pits.
 20699 | Lair:5   | Received a gift from Nemelex Xobeh
 20992 | Lair:6   | Entered Level 6 of the Lair of Beasts
 21176 | Lair:6   | Reached skill level 9 in Evocations
 21529 | Lair:6   | Reached skill level 10 in Evocations
 21673 | Lair:6   | HP: 3/63 [water moccasin (7)]
 22659 | Lair:6   | Reached skill level 11 in Evocations
 22849 | Lair:6   | Reached skill level 12 in Evocations
 23142 | Lair:6   | Reached XP level 15. HP: 66/66 MP: 23/23
 23154 | Lair:6   | Found a burning altar of Makhleb.
 23377 | Lair:6   | Found a gateway to Hell.
 23466 | Lair:6   | Reached skill level 10 in Invocations
 23970 | D:11     | Found a gate leading to a gauntlet.
 23980 | D:11     | Reached skill level 13 in Evocations
 23982 | Gauntlet | Entered a Gauntlet
 23982 | Gauntlet | Found a transporter.
 23982 | Gauntlet | Found a transporter.
 23982 | Gauntlet | Received a gift from Nemelex Xobeh
 23983 | Gauntlet | Found a transporter.
 23986 | Gauntlet | Found a transporter.
 23996 | Gauntlet | Found a transporter.
 24000 | Gauntlet | Found a transporter.
 24012 | Gauntlet | Found a transporter.
 24097 | Gauntlet | Found a transporter.
 24101 | Gauntlet | Found a transporter.
 24113 | Gauntlet | Found a transporter.
 24115 | Gauntlet | Found a transporter.
 24131 | Gauntlet | Found a transporter.
 24443 | Gauntlet | Identified the +0 hat of Fashionability {+Blink rElec MP-9
                  | Slay+6}
 24470 | Gauntlet | Identified the +0 shadow dragon scales of Xump {rPois MP+9
                  | Int-4 Slay+5 Stlth++++}
 24558 | Gauntlet | Got Setzosh's Guide on the Warped Birds
 24560 | Gauntlet | Identified the +4 dagger of Karma {distort, rF+ rN+ Str+3
                  | Dex+2}
 24560 | Gauntlet | Identified the +3 ring mail of Duuw {+Blink Int+8 Dex-3}
 24765 | D:11     | Found a staircase to the Orcish Mines.
 24999 | D:11     | Received a gift from Nemelex Xobeh
 25024 | D:11     | Identified the +4 ring mail of Iriamud {Rampage rElec rF-
                  | Str+2}
 25055 | D:11     | Reached ****** piety under Nemelex Xobeh
 25674 | D:12     | Received a gift from Nemelex Xobeh
 25772 | D:12     | Reached skill level 14 in Evocations
 25946 | D:12     | Found a gateway to a bazaar.
 25996 | D:12     | Found Risenysi's General Store.
 26004 | D:12     | Bought a potion of curing for 45 gold pieces
 26004 | D:12     | Bought a potion of curing for 45 gold pieces
 26004 | D:12     | Bought a wand of iceblast (6) for 150 gold pieces
 26047 | D:12     | Received a gift from Nemelex Xobeh
 26534 | D:13     | Received a gift from Nemelex Xobeh
 27220 | D:13     | Found a gate to the Vaults.
 27643 | D:14     | Reached skill level 15 in Evocations
 27738 | D:14     | Received a gift from Nemelex Xobeh
 27832 | D:14     | Found a portal to a secret trove of treasure.
 27836 | D:14     | Noticed Josephine
 28257 | D:14     | Killed Josephine
 28593 | D:14     | Received a gift from Nemelex Xobeh
 29162 | D:14     | Identified the +1 robe of the Dropbear {Str+4}
 29203 | D:14     | Reached skill level 16 in Evocations
 29354 | D:14     | Reached XP level 16. HP: 44/70 MP: 17/26
 30031 | D:14     | Received a gift from Nemelex Xobeh
 30542 | D:15     | Entered Level 15 of the Dungeon
 30808 | D:15     | Reached skill level 17 in Evocations
 31397 | D:15     | Acquired the ring of Ocor {rPois rC+ Will+}
 32379 | D:15     | Found a staircase to the Depths.
 32411 | Depths:1 | Entered Level 1 of the Depths
 32926 | Depths:1 | Noticed Saint Roka
 33299 | Orc:1    | Entered Level 1 of the Orcish Mines
 33874 | Orc:2    | Entered Level 2 of the Orcish Mines
 33874 | Orc:2    | Received a gift from Nemelex Xobeh
 34369 | Orc:2    | Reached skill level 18 in Evocations
 35293 | Orc:2    | Found Duuz's Armour Boutique.
 35293 | Orc:2    | Found Ikkostru's General Store.
 35294 | Orc:2    | Found Nickes's Antique Armour Emporium.
 35294 | Orc:2    | Found Mouvaq's Jewellery Shop.
 35302 | Orc:2    | Bought a wand of flame (9) for 71 gold pieces
 35359 | Orc:2    | Found a staircase to the Elven Halls.
 35586 | Elf:1    | Entered Level 1 of the Elven Halls
 35619 | Elf:1    | Paralysed by an air elemental for 1 turns
 35839 | Elf:1    | Received a gift from Nemelex Xobeh
 36791 | Elf:1    | Reached skill level 15 in Invocations
 36791 | Elf:1    | Reached skill level 19 in Evocations
 36949 | Orc:2    | Learned a level 2 spell: Call Imp
 36999 | Elf:1    | Learned a level 2 spell: Ensorcelled Hibernation
 37016 | Elf:1    | Learned a level 3 spell: Tukima's Dance
 37196 | Elf:1    | Reached skill level 1 in Armour
 37246 | Elf:1    | Reached XP level 17. HP: 75/75 MP: 20/29
 38518 | Elf:1    | Received a gift from Nemelex Xobeh
 38892 | Spider:1 | Entered Level 1 of the Spider Nest
 39326 | Lair:3   | Reached skill level 5 in Fighting
 39390 | Swamp:1  | Entered Level 1 of the Swamp
 40902 | Elf:2    | Reached skill level 5 in Armour
 41043 | Elf:2    | Received a gift from Nemelex Xobeh
 41542 | Elf:2    | Found a runed translucent gate.
 41542 | Elf:2    | Found a runed translucent gate.
 41542 | Elf:2    | Found a runed translucent gate.
 41661 | Elf:3    | Entered Level 3 of the Elven Halls
 43575 | Elf:3    | Noticed a deep elf blademaster
 43576 | Elf:3    | a deep elf blademaster changed into an eleionoma
 43852 | Elf:3    | Noticed a deep elf blademaster
 43859 | Elf:3    | a deep elf blademaster changed into an alligator snapping
                  | turtle
 44107 | Elf:3    | Reached XP level 18. HP: 75/84 MP: 21/30
 44155 | Elf:3    | Identified the +5 battleaxe "Ockofias" {vorpal, rN+ Int+2}
 44459 | Elf:3    | HP: 4/84 [deep elf master archer/arrow (31)]
 44460 | Elf:3    | Shot with an arrow by a deep elf master archer

Illustrated notes

Levels and vault maps discovered:
D:1:      lemuel_arrival_rhombus, layout_loops_ring,
          shapermc_ecumenical_altar_rom_forum, chequers_serial_rivers_marsh,
          chequers_serial_rivers_micro_b, palyth_stone_intersect,
          amcnicky_mini_pool_small
D:2:      layout_loops_corners
D:3:      layout_basic, minivault_19, st_stairs_7, uniq_terence, uniq_ijyb
D:4:      layout_loops_ring
D:5:      kennysheep_spiral_hall, layout_basic, minmay_temple_entry_waves,
          minmay_misc_feat_doors
D:6:      layout_rooms, nzn_hepliaklqana_mist_gate, trog_three_pillars_becter,
          minmay_manual_monolith, uniq_eustachio, uniq_sigmund
D:7:      layout_basic, uniq_crazy_yiuf_cottage, uniq_maggie, uniq_duvessa
D:8:      layout_basic, lair_entry_dummy, enter_ossuary_2, st_stairs_5
D:9:      layout_basic, pdpol_temple_overflow_zin_treasury_gozag_greed,
          enter_bailey_2, eino_jars
D:10:     layout_grid_maze, chequers_temple_overflow_statue_of_worship,
          uniq_psyche, uniq_urug
D:11:     layout_loops_ring, zombieorc2_lemuel, gauntlet_entry_generic,
          dreamdust_princess_corridor
D:12:     layout_cave_pools, serial_shops, statue_bzr, shop
D:13:     layout_loops_ring, david_vaults_5
D:14:     nzn_winding_woodlands_cross [nzn_winding_woodlands_5x15_pockets,
          nzn_winding_woodlands_5x15_jagged, nzn_winding_woodlands_5x15_crooked,
          nzn_winding_woodlands_5x15_cabin,
          nzn_winding_woodlands_15x15_killbox], layout_loops_corners,
          hangedman_decor_riveting, enter_trove_2, uniq_josephine
D:15:     grunt_enter_depths_magical_seal, layout_basic, minmay_misc_feat_five
Temple:   eino_narrow_crystal_temple
Lair:1:   dreamdust_isle_of_ice, layout_chaotic_city, serial_bayou_lake_a,
          infiniplex_staircase_pool, uniq_harold, uniq_sonja
Lair:2:   layout_misc_corridors
Lair:3:   layout_hall_layers, palyth_hydra_swamp_entry,
          nicolae_spider_entry_non_spiders, gammafunk_ghost_hydra_chop,
          portal_ice_cave_rime, grunt_megastairs_5, lemuel_fruit_tree,
          lemuel_fruit_fields, uniq_gastronok
Lair:4:   layout_loops_ring, grunt_megastairs_3
Lair:5:   layout_long_grid, dpeg_slime_entry_corner
Lair:6:   evil_forest, layout_cave_pods, grunt_megastairs_1
Swamp:1:  layout_falls_marsh, evilmike_swamp_ruin_house_3, swamp_pool3,
          nicolae_swamp_orc_logging_accident, grunt_hermit_hut
Spider:1: layout_spider_delve, gammafunk_ghost_arena, beargit_elvish_explorers
Orc:1:    layout_caves
Orc:2:    st_orc_ogre_mass, layout_caves, library_closet
Elf:1:    nicolae_elf_arrival_fired_up, layout_loops_corners,
          hangedman_elf_represent
Elf:2:    nicolae_elf_blades_splatter_lattice [nicolae_blade_bullseye],
          layout_loops_ring, st_stairs_12, nicolae_elf_m_pinch
Elf:3:    minmay_elf_hall_furrowed, layout_geoelf_diagonals,
          statue_in_the_mist_lemuel
Depths:1: lightli_eight_chambers, layout_twisted_cross, enter_ziggurat_b,
          rand_demon_pan_entry_5, hangedman_tar_grid_catacomb,
          marbit_kobold_abyss_entry, chequers_serial_rivers_marsh,
          kiku_gazebo_garden_becter, uniq_saint_roka

Skill      XL: |  1  2  3  4  5  6  7  8  9 10 11 12 13 14 15 16 17 18 |
---------------+-------------------------------------------------------+-----
Bows           | 5 6 7 8 9 10 11 12 14 16 17 18 | 18.0
Stealth        | 2 3 4 5 8 9 12 13 14 | 14.0
Dodging        | 3 8 12 14 16 17 18 | 18.0
Throwing       | 5 6 |  6.0
Fighting       | 2 5 |  5.2
Evocations     | 5 12 16 19 | 19.0
Invocations    | 3 9 12 15 | 15.0
Armour         | 1 8 9 |  9.1

Action                   |  1- 3 |  4- 6 |  7- 9 | 10-12 | 13-15 | 16-18 || total
-------------------------+-------+-------+-------+-------+-------+-------++-------
Melee: Unarmed           |       |       |     5 |       |       |       ||     5
       Dagger            |       |       |       |       |       |     2 ||     2
 Fire: Shortbow          |    89 |   149 |   429 |   537 |  2034 |  1332 ||  4570
Throw: Dart              |       |       |       |     1 |     6 |       ||     7
       Throwing net      |       |       |       |       |     2 |       ||     2
Invok: Draw Destruction  |       |       |       |       |     5 |    29 ||    34
       Triple Draw       |       |       |       |       |     1 |       ||     1
       Draw Escape       |       |       |       |       |     1 |       ||     1
       Deal Four         |       |       |       |       |     2 |       ||     2
       Stack Five        |       |       |       |       |     1 |       ||     1
       Draw Stack        |       |       |       |       |       |     3 ||     3
Evoke: Wand              |       |       |     1 |     3 |     5 |    14 ||    23
       Box of beasts     |       |       |       |       |     1 |     1 ||     2
       Condenser vane    |       |       |       |       |     1 |       ||     1
  Use: Scroll            |       |       |    19 |     6 |     8 |     3 ||    36
       Potion            |       |       |     2 |     1 |     6 |     3 ||    12
Armor: Robe              |     2 |     6 |    10 |    14 |    39 |    23 ||    94
       Skin              |       |       |     1 |       |       |       ||     1
       Ice dragon scales |       |       |       |       |    24 |       ||    24
       Shadow dragon sca |       |       |       |       |     2 |     1 ||     3
Dodge: Dodged            |    30 |    60 |   101 |   191 |   603 |   449 ||  1434
Block: Other             |       |       |     4 |    48 |   113 |    82 ||   247
       Reflection        |       |       |       |     4 |     3 |    16 ||    23

Table legend: (Time is in decaauts)
 A = Elapsed time spent in this place.
 B = Non-inter-level travel time spent in this place.
 C = Inter-level travel time spent in this place.
 D = Time resting spent in this place.
 E = Time spent auto-exploring this place.
 F = Levels seen in this place.
 G = Mean time per level.
                   A        B        C        D        E       F      G
               +--------+--------+--------+--------+--------+-----+--------+
         Total |  34927 |  32988 |   1939 |   9749 |  15745 |  33 | 1058.4 |
       Dungeon |  15621 |  14436 |   1185 |   2633 |   8661 |  15 | 1041.4 |
        Temple |    119 |    104 |     15 |      0 |     97 |   1 |  119.0 |
          Lair |   7767 |   7234 |    533 |   1814 |   3401 |   6 | 1294.5 |
         Swamp |    403 |    403 |      0 |      0 |    314 |   1 |  403.0 |
   Spider Nest |     57 |     57 |      0 |      0 |     19 |   1 |   57.0 |
  Orcish Mines |   1682 |   1595 |     87 |    344 |    879 |   2 |  841.0 |
   Elven Halls |   6016 |   5900 |    116 |   3306 |   1749 |   3 | 2005.3 |
        Depths |     31 |     31 |      0 |      0 |      0 |   1 |   31.0 |
       Ossuary |    118 |    118 |      0 |      0 |     46 |   1 |  118.0 |
      Ice Cave |   2621 |   2621 |      0 |   1518 |    468 |   1 | 2621.0 |
      Gauntlet |    488 |    488 |      0 |    132 |    107 |   1 |  488.0 |
               +--------+--------+--------+--------+--------+-----+--------+

Top non-repeatable levels by time:
   IceCv: 2621 daAuts
    D:14: 2539 daAuts
   Elf:3: 2400 daAuts
  Lair:3: 2119 daAuts
    D:15: 1819 daAuts
   Elf:1: 1813 daAuts
   Elf:2: 1802 daAuts
  Lair:5: 1455 daAuts
  Lair:6: 1449 daAuts
     D:5: 1421 daAuts
  Lair:1: 1267 daAuts
   Orc:2: 1179 daAuts
    D:11: 1170 daAuts
     D:6: 1141 daAuts
     D:8: 1093 daAuts
